 Dungeon Crawl Stone Soup version 0.17-a0-1332-g9db7d08 (webtiles) character file.

9 MackTheKnife the Shield-Bearer (level 2, 0/24 HPs)
             Began as a Human Fighter on June 10, 2015.
             Slain by a goblin (2 damage)
             ... on level 1 of the Dungeon.
             The game lasted 00:00:24 (99 turns).

MackTheKnife the Shield-Bearer (Human Fighter)        Turns: 99, Time: 00:00:24

Health: 0/24       AC:  6    Str: 16    XL:     2   Next: 20%
Magic:  2/2        EV:  6    Int:  8    God:
Gold:   0          SH:  8    Dex: 12    Spells: 0 memorised, 1 level left

rFire  . . .     SeeInvis .     a - +0 long sword
rCold  . . .     Clarity  .     b - +0 scale mail
rNeg   . . .     SustAt   .     c - +0 shield
rPois  .         Gourm    .     (no helmet)
rElec  .         Spirit   .     (no cloak)
rCorr  .         Warding  .     (no gloves)
rMut   .         Stasis   .     (no boots)
MR     .....                    (no amulet)
Stlth  ..........               (no ring)
                                (no ring)

@: not resistant to hostile enchantments, extremely unstealthy
A: no striking features
a: no special abilities


You were on level 1 of the Dungeon.
You were not hungry.

You visited 1 branch of the dungeon, and saw 1 of its levels.

Inventory:

Hand weapons
 a - a +0 long sword (weapon)
Armour
 b - a +0 scale mail (worn)
 c - a +0 shield (worn)
Potions
 d - a potion of might
Comestibles
 e - a bread ration {@e1}


   Skills:
 - Level 3.0 Fighting
 + Level 2.8 Long Blades
 - Level 3.0 Armour
 - Level 3.0 Shields


You had one spell level left.
You didn't know any spells.

Dungeon Overview and Level Annotations

Branches:
Dungeon (1/15)

Altars:


Message History

You closely miss the goblin. You block the goblin's attack.
You closely miss the goblin. The goblin hits you with a club.
You take 1 damage, and have 17/18 hp.
You slash the goblin!
You kill the goblin!
No target in view!
You see here a club.
A rat and a goblin come into view.
The goblin shouts!
There are monsters nearby!
A giant gecko comes into view.
The giant gecko moves out of view.
A hobgoblin comes into view. It is wielding a club.
The hobgoblin shouts!
You see here 13 gold pieces.
Health restored: 18 The goblin hits you but does no damage.
The rat bites you.
A goblin comes into view.
You take 1 damage, and have 17/18 hp.
The goblin shouts!
You hit the goblin. The goblin barely misses you. The rat barely misses you.
You block the giant gecko's attack. You block the goblin's attack.
The hobgoblin barely misses you.
You closely miss the goblin. The rat barely misses you.
The giant gecko bites you but does no damage.
The goblin hits you but does no damage. The giant gecko closely misses you.
The rat bites you but does no damage.
The hobgoblin hits you but does no damage.
You closely miss the goblin. You block the giant gecko's attack.
The goblin barely misses you. The rat barely misses you.
The hobgoblin hits you but does no damage.
You slash the goblin!
You kill the goblin!
The giant gecko barely misses you. The rat closely misses you.
The giant gecko bites you but does no damage.
You block the hobgoblin's attack. The rat bites you but does no damage.
You completely miss the hobgoblin.
The giant gecko bites you but does no damage.
You block the hobgoblin's attack. The rat bites you but does no damage.
You block the giant gecko's attack.
You barely miss the hobgoblin. You block the hobgoblin's attack.
You block the goblin's attack.
The giant gecko bites you but does no damage.
The rat closely misses you.
You barely miss the hobgoblin. The giant gecko barely misses you.
The goblin hits you. The hobgoblin barely misses you.
The rat bites you but does no damage. The giant gecko bites you.
The goblin hits you but does no damage. You block the rat's attack.
You take 6 damage, and have 11/18 hp.
MASSIVE DAMAGE!!
The giant gecko closely misses you.
The hobgoblin hits you but does no damage.
You see here 13 gold pieces.
The giant gecko bites you.
You take 4 damage, and have 7/18 hp.
MASSIVE DAMAGE!!
The giant gecko bites you but does no damage.
The giant gecko bites you.
You take 1 damage, and have 6/18 hp.
You hit the giant gecko but do no damage.
The giant gecko barely misses you. The giant gecko closely misses you.
You hit the giant gecko.
The giant gecko bites you but does no damage.
Your shield and scale mail prevent you from hitting the giant gecko.
You block the giant gecko's attack.
The giant gecko bites you but does no damage.
You hit the giant gecko.
The giant gecko bites you but does no damage.
You closely miss the giant gecko. The giant gecko bites you.
* * * LOW HITPOINT WARNING * * *
You block the giant gecko's attack.
You take 3 damage, and have 3/18 hp.
You hit the giant gecko.
You kill the giant gecko!
You have reached level 2!
You block the rat's attack.
MP restored: 2 You closely miss the rat.
The rat barely misses you.
You barely miss the rat. The rat completely misses you.
You closely miss the rat. The rat barely misses you.
You block the rat's attack.
You hit the rat. The rat bites you but does no damage.
You hit the rat. The rat barely misses you.
You closely miss the rat. The rat bites you but does no damage.
You block the rat's attack.
You hit the rat.
You kill the rat!
Your shield and scale mail prevent you from hitting the hobgoblin.
The hobgoblin hits you with a club.
* * * LOW HITPOINT WARNING * * *
You take 1 damage, and have 4/24 hp.
You slash the hobgoblin!
You kill the hobgoblin!
You block the goblin's attack.
You hit the goblin but do no damage. The goblin hits you but does no damage.
You closely miss the goblin. The goblin hits you.
* * * LOW HITPOINT WARNING * * *
You take 2 damage, and have 2/24 hp.
You hit the goblin. The goblin hits you.
You die...

##.#.#.. ..# #.#...[...
#....#.# #.# #.#..#####
#..#.#.# ##.## #....#
#......# ##...####)...#
##......#####............#
........$........##.#..#.#
##..............###.#..#.#
#.....######g### #.#..# #
......# #@# #.#... ......
#.# #.##.#. .....^ ..# #.#
.#.# ..... #### #.# ## #
..... #.. #..


You could see a goblin.

Vanquished Creatures
  A giant gecko (D:1)
  2 goblins (D:1)
  A hobgoblin (D:1)
  A giant newt (D:1)
  A kobold (D:1)
  2 rats (D:1)
8 creatures vanquished.

Notes
Turn   | Place    | Note
--------------------------------------------------------------
     0 | D:1      | MackTheKnife the Human Fighter began the quest for the Orb.
     0 | D:1      | Reached XP level 1. HP: 18/18 MP: 1/1
    86 | D:1      | HP: 3/18 [giant gecko (3)]
    87 | D:1      | Reached XP level 2. HP: 4/24 MP: 2/2
    95 | D:1      | HP: 4/24 [hobgoblin/club (1)]
    99 | D:1      | Slain by a goblin

Vault maps used:
D:1:      grunt_arrival_crossed_arrows, kennysheep_flooded_box

Action                   || total
-------------------------++-------
Melee: Long sword        ||    37

Vault maps used:
D:1:      grunt_arrival_crossed_arrows, kennysheep_flooded_box

Table legend:
 A = Turns spent in this place as a percentage of turns spent in the entire game.
 B = Non-inter-level travel turns spent in this place as a percentage of non-inter-level travel turns spent in the entire game.
 C = Inter-level travel turns spent in this place as a percentage of turns spent in this place.
 D = Turns resting spent in this place as a percentage of non-inter-level travel turns spent in this place.
 E = Turns spent auto-exploring this place as a percentage of non-inter-level travel turns spent in this place.
 F = Non-inter-level travel turns spent in this place divided by the number of levels of this place that you've seen.
                   A       B       C       D       E      F
               +-------+-------+-------+-------+-------+----------------------
         Total | 100.0 | 100.0 |   0.0 |   0.0 |   6.0 |  67.0
       Dungeon | 100.0 | 100.0 |   0.0 |   0.0 |   6.0 |  67.0
               +-------+-------+-------+-------+-------+----------------------

Table legend:
 A = Kills in this place as a percentage of kills in entire the game.
 B = Kills by you in this place as a percentage of kills by you in the entire game.
 C = Kills by friends in this place as a percentage of kills by friends in the entire game.
 D = Other kills in this place as a percentage of other kills in the entire game.
 E = Experience gained in this place as a percentage of experience gained in the entire game.
 F = Experience gained in this place divided by the number of levels of this place that you have seen.
                   A       B       C       D       E      F
               +-------+-------+-------+-------+-------+----------------------
         Total | 100.0 | 100.0 |  -nan |  -nan | 100.0 |  13.0
       Dungeon | 100.0 | 100.0 |  -nan |  -nan | 100.0 |  13.0
               +-------+-------+-------+-------+-------+----------------------
